 Dungeon Crawl Stone Soup version 0.31.0-32-g396128a36d (webtiles) character file.

Game seed: 2022538933962727171

284 hawla the Ducker (level 6, 0/52 HPs)
             Began as a Minotaur Monk on Mar 23, 2024.
             Slain by a water moccasin (8 damage)
             ... on level 5 of the Dungeon.
             The game lasted 00:04:58 (3418 turns).

hawla the Ducker (Minotaur Monk)                    Turns: 3418, Time: 00:04:59

Health: 0/52       AC:  7    Str: 16    XL:     6   Next: 7%
Magic:  5/5        EV: 13    Int:  7    God:
Gold:   130        SH:  0    Dex: 14    Spells: 5/5 levels left

rFire   + . .        s - +3 dagger (venom)
rCold   . . .        d - orb {light}
rNeg    . . .        k - +2 ring mail {rF+}
rPois   .            (helmet restricted)
rElec   .            (no cloak)
rCorr   .            (no gloves)
SInv    .            (no boots)
Will    .....        e - amulet of faith Stlth
                     (no ring)
HPRegen 0.28/turn    (no ring)
MPRegen 0.09/turn

%: faith
@: confused, lethally poisoned (0 -> -27), ambrosia-drunk, attractive, glowing
A: horns 2, retaliatory headbutt
a: no special abilities


You were on level 5 of the Dungeon.
You visited 1 branch of the dungeon, and saw 5 of its levels.

You collected 130 gold pieces.

Inventory:

Hand Weapons
 a - a +0 falchion
 s - a +3 dagger of venom (weapon)
Missiles
 t - 5 poisoned darts (quivered)
Armour
 d - an orb of light (worn)
 k - a +2 ring mail of fire resistance (worn)
Jewellery
 e - an amulet of faith (around neck)
 p - an amulet of the acrobat
 r - a +6 ring of intelligence
Scrolls
 b - a scroll of silence
 g - 2 scrolls of poison
 i - 3 scrolls of teleportation
 j - a scroll of vulnerability {unknown}
 n - a scroll of fog {unknown}
 u - a scroll of identify
 v - a scroll of fear {unknown}
Potions
 f - 2 potions of resistance
 m - a potion of haste {unknown}
 o - a potion of lignification {unknown}
 q - a potion of might {unknown}
 w - a potion of curing {unknown}


   Skills:
 - Level 4.0 Fighting
 - Level 3.9 Long Blades
 + Level 4.2 Armour
 - Level 6.0 Dodging


You had 5 spell levels left.
You didn't know any spells.
Your spell library was empty.

Dungeon Overview and Level Annotations

Branches:
Dungeon (5/15)
 Temple: D:4-7

Altars:
Ru
Trog
Xom


Innate Abilities, Weirdness & Mutations

You have a pair of horns on your head.
You reflexively headbutt those who attack you in melee.


Message History

* * * LOW HITPOINT WARNING * * *
You are more poisoned.
The water moccasin poisons you! The water moccasin barely misses you.
You are confused.
You feel invigorated.
* * * LOW HITPOINT WARNING * * *
You feel very sick. The water moccasin closely misses you.
It was a potion of heal wounds.
You feel much better.
You feel very sick. The water moccasin barely misses you.
The water moccasin bites you.
You are more poisoned.
The water moccasin poisons you!
You miss the water moccasin.
The water moccasin is heavily wounded.
You feel very sick. The water moccasin closely misses you.
You feel less invigorated.
You feel less confused.
You feel very sick.
You hit the water moccasin.
The water moccasin is severely wounded.
You feel very sick. The water moccasin bites you.
You are more poisoned.
The water moccasin poisons you!
You hit the water moccasin.
The water moccasin looks even sicker.
Your headbutt misses the water moccasin.
The water moccasin is almost dead.
You feel very sick. The water moccasin closely misses you.
The water moccasin bites you!
* * * LOW HITPOINT WARNING * * *
You are more poisoned.
The water moccasin poisons you!
You are confused.
You feel invigorated.
* * * LOW HITPOINT WARNING * * *
You feel extremely sick. The water moccasin bites you!
You die...

#......
#......
#.....
#.....
#....#
#....#
#....#
#..S.#######
#..@.......#
#..........#
#..........#
#..........#
#...[......#
#..........#
#..........#
#..........#
#..........#


You could see a water moccasin (very poisoned).

Vanquished Creatures
  A phantom (D:4)
  A bombardier beetle (D:3)
  2 iguanas
  An orc wizard (D:4)
  2 adders (D:2)
  2 ribbon worms (D:2)
  A dart slug (D:4)
  10 orcs
  4 endoplasms
  6 giant cockroaches
  5 hobgoblins
  8 kobolds
  4 quokkas
  3 ball pythons
  2 bats
  2 frilled lizards
  4 goblins
  6 rats
64 creatures vanquished.

Notes
Turn   | Place    | Note
-------+----------+-------------------------------------------
     0 | D:1      | hawla the Minotaur Monk began the quest for the Orb.
     0 | D:1      | Reached XP level 1. HP: 19/19 MP: 0/0
   364 | D:1      | Reached XP level 2. HP: 22/27 MP: 1/1
   878 | D:2      | Found a shimmering altar of Xom.
   928 | D:2      | Identified the +0 robe "Emafal" {+Blink Int-5 Dex+2 SInv}
  1054 | D:2      | Reached skill level 4 in Dodging
  1071 | D:2      | Reached XP level 3. HP: 33/33 MP: 2/2
  1116 | D:2      | Found a faded altar of an unknown god.
  1552 | D:3      | Reached skill level 5 in Dodging
  1552 | D:3      | Reached XP level 4. HP: 25/40 MP: 3/3
  2461 | D:4      | Noticed a phantom
  2481 | D:4      | Killed a phantom
  2482 | D:4      | Reached skill level 6 in Dodging
  2482 | D:4      | Reached XP level 5. HP: 5/46 MP: 4/4
  2653 | D:4      | Found a sacrificial altar of Ru.
  3309 | D:4      | Found a bloodstained altar of Trog.
  3365 | D:5      | Entered Level 5 of the Dungeon
  3373 | D:5      | Reached XP level 6. HP: 52/52 MP: 5/5
  3397 | D:5      | Noticed a water moccasin
  3418 | D:5      | Slain by a water moccasin

Illustrated notes

Levels and vault maps discovered:
D:1:      saegor_arrival_simple_e, layout_loops_corners
D:2:      layout_basic, shapermc_ecumenical_altar_notcrosses, basic_altar
D:3:      layout_basic
D:4:      layout_loops_ring, mainiacjoe_overflow_cross_hatched,
          lemuel_doored_altar
D:5:      layout_gridville, kennysheep_little_box, mainiacjoe_overflow_24_doors,
          uniq_blork_the_orc, uniq_menkaure

Skill      XL: |  1  2  3  4  5 |
---------------+----------------+-----
Fighting       | 4 |  4.0
Dodging        | 4 5 6 |  6.0
Armour         | 2 4 |  4.2
Long Blades    | |  3.9

Action                     |  1- 3 |  4- 6 || total
---------------------------+-------+-------++-------
  Melee: Falchion          |    70 |    51 ||   121
         Headbutt          |    11 |    18 ||    29
         Dagger            |       |    34 ||    34
    Use: Scroll            |     3 |     1 ||     4
         Potion            |       |     5 ||     5
 Armour: Robe              |     8 |       ||     8
         Ring mail         |    28 |    56 ||    84
  Dodge: Dodged            |    39 |    53 ||    92
